 Dungeon Crawl Stone Soup version 0.30.0-3-ga4e48a9924 (webtiles) character file.

Game seed: 8294958061227545729

656 Mickster the Chopper (level 7, -3/61 HPs)
             Began as a Hill Orc Berserker on May 6, 2023.
             Was a Priest of Trog.
             Slain by an orc
             ... wielding a +0 hand axe
              (4 damage)
             ... on level 5 of the Dungeon on May 7, 2023.
             The game lasted 00:28:57 (3467 turns).

Mickster the Chopper (Hill Orc Berserker)           Turns: 3467, Time: 00:28:57

Health: -3/61      AC:  8    Str: 22    XL:     7   Next: 55%
Magic:  7/7        EV: 11    Int:  7    God:    Trog [***...]
Gold:   173        SH:  0    Dex: 10    Spells: 6/6 levels left

rFire   . . .        a - +1 hand axe
rCold   . . .        (no shield)
rNeg    . . .        l - +0 ring mail
rPois   .            (no helmet)
rElec   .            (no cloak)
rCorr   .            e - +0 pair of gloves
SInv    .            g - +0 pair of boots
Will    .....        (no amulet)
Stlth   +            n - ring of flight
HPRegen 0.30/turn    (no ring)
MPRegen 0.10/turn

%: no passive effects
@: lethally poisoned (-3 -> -5), on berserk cooldown, flying
A: no striking features
a: Renounce Religion, Berserk, Trog's Hand


You were on level 5 of the Dungeon.
You worshipped Trog.
Trog was most pleased with you.
You visited 1 branch of the dungeon, and saw 5 of its levels.
You also visited: Sewer.

You collected 173 gold pieces.

Inventory:

Hand Weapons
 a - a +1 hand axe (weapon)
 d - a +0 rapier
 i - a +0 sling
 j - a +6 glaive of protection
 q - a +0 shortbow
Missiles
 f - 16 poisoned darts (quivered)
 k - 44 stones
Armour
 e - a +0 pair of gloves (worn)
 g - a +0 pair of boots (worn)
 l - a +0 ring mail (worn)
Jewellery
 n - a ring of flight (left hand)
Scrolls
 b - a scroll of poison
 m - 4 scrolls of identify
 t - a scroll of fog {unknown}
Potions
 c - 6 potions of heal wounds
 h - a potion of attraction
 o - a potion of might
 p - 2 potions of mutation {unknown}
 r - a potion of cancellation
 s - 3 potions of haste {unknown}
 u - a potion of brilliance {unknown}


   Skills:
 + Level 5.1 Fighting
 - Level 5.8(7.1) Axes
 * Level 5.2(6.1) Polearms
 * Level 2.1 Throwing
 + Level 3.4 Armour
 + Level 2.3 Dodging
 + Level 0.3 Stealth


You had 6 spell levels left.
You didn't know any spells.
Your spell library was empty.

Dungeon Overview and Level Annotations

Branches:
Dungeon (5/15)              Sewer (visited)
 Temple: D:4-7

Altars:
Elyvilon
Qazlal


Message History

You closely miss the scorpion.
The scorpion is severely wounded.
You barely miss the orc.
* * * LOW HITPOINT WARNING * * *
You feel very sick. The orc misses you.
The scorpion stings you but does no damage.
The orc hits you with a +0 hand axe.
* * * LOW HITPOINT WARNING * * *
The scorpion closely misses you.
You hit the scorpion.
The scorpion is severely wounded.
You hit the orc but do no damage.
* * * LOW HITPOINT WARNING * * *
You feel very sick.
The scorpion stings you but does no damage.
The orc misses you.
The scorpion stings you but does no damage.
You hit the scorpion.
The scorpion is almost dead.
You hit the orc but do no damage.
* * * LOW HITPOINT WARNING * * *
You feel sick. The orc barely misses you. The scorpion barely misses you.
The orc hits you but does no damage.
You slash the scorpion!
You kill the scorpion!
Trog accepts your kill.
You hit the orc.
* * * LOW HITPOINT WARNING * * *
You feel sick. The orc hits you but does no damage.
The quokka bites you but does no damage.
You hit the quokka.
The quokka is moderately wounded.
You hit the orc but do no damage.
You feel yourself speed up.
* * * LOW HITPOINT WARNING * * *
You feel sick. The orc closely misses you.
The quokka bites you but does no damage.
The orc hits you with a +0 hand axe.
You die...

### #....##
#####.##.:
#...#.##.#
###...#....#
#........#.#
#...[......# #
#.......##o##.###..
###...#...)@ro.....
#.. #.#########:.
##.##.##
.###.#...######
............>..
.#####...#####.
###........
#..........
#.#.#####..


You could see 2 orcs and a quokka.

Vanquished Creatures
  A centaur (D:5)
  A phantom (D:5)
  2 kobold brigands (Sewer)
  A scorpion (D:5)
  A howler monkey (D:5)
  An iguana (D:5)
  2 orc wizards
  8 adders
  3 worms
  14 orcs
  8 ball pythons
  7 bats
  8 endoplasms
  6 giant cockroaches
  6 goblins
  9 hobgoblins
  2 jackals (D:4)
  2 quokkas
  5 frilled lizards
  18 kobolds
  5 rats
110 creatures vanquished.

Vanquished Creatures (collateral kills)
  A bat (D:2)
1 creature vanquished.

Vanquished Creatures (others)
  4 fungi
  7 plants
11 creatures vanquished.

Grand Total: 122 creatures vanquished

Notes
Turn   | Place    | Note
-------+----------+-------------------------------------------
     0 | D:1      | Mickster the Hill Orc Berserker began the quest for the
                  | Orb.
     0 | D:1      | Reached XP level 1. HP: 19/19 MP: 1/1
    94 | D:1      | Reached XP level 2. HP: 26/27 MP: 2/2
   349 | D:1      | Reached ** piety under Trog
   394 | D:1      | Reached XP level 3. HP: 33/33 MP: 3/3
   538 | D:1      | Upgraded the game from 0.30.0 to 0.30.0-3-ga4e48a9924
   662 | D:2      | Reached skill level 5 in Axes
  1147 | D:2      | Reached XP level 4. HP: 41/41 MP: 4/4
  1668 | D:3      | Found a faded altar of an unknown god.
  2016 | D:3      | Found a stormy altar of Qazlal.
  2172 | D:3      | You are sucked into a shaft and drop 1 floor!
  2203 | D:4      | Identified a scroll of acquirement
  2207 | D:4      | Acquired a +6 glaive of protection
  2287 | D:4      | Reached XP level 5. HP: 47/47 MP: 5/5
  2522 | D:4      | Found a white marble altar of Elyvilon.
  2561 | D:4      | Reached skill level 1 in Polearms
  2855 | D:5      | Entered Level 5 of the Dungeon
  2889 | D:5      | Found a glowing drain.
  2916 | D:5      | Reached skill level 1 in Throwing
  2922 | Sewer    | Entered a sewer
  2950 | Sewer    | Noticed a kobold brigand
  2958 | Sewer    | Killed a kobold brigand
  2959 | Sewer    | Reached XP level 6. HP: 53/53 MP: 6/6
  2992 | Sewer    | Reached *** piety under Trog
  3437 | D:5      | Reached XP level 7. HP: 21/60 MP: 7/7
  3442 | D:5      | Reached skill level 5 in Fighting
  3460 | D:5      | Reached skill level 5 in Polearms
  3465 | D:5      | HP: 3/61 [poisoned by a scorpion]
  3466 | D:5      | HP: 1/61 [poisoned by a scorpion]
  3467 | D:5      | Slain by an orc

Illustrated notes

Levels and vault maps discovered:
D:1:      dpeg_arrival_ternary, layout_basic
D:2:      layout_rooms, minmay_unequal
D:3:      layout_loops_ring, nicolae_qazlal_general_emergency,
          shapermc_ecumenical_altar_petra, guppyfry_early_lair_pool
D:4:      layout_basic, nicolae_elyvilon_peaceful_grove, uniq_duvessa
D:5:      layout_loops_ring, mainiacjoe_overflow_alcove_4,
          gup_sewer_entry_glass, minmay_manual_monolith

Skill      XL: |  1  2  3  4  5  6  7 |
---------------+----------------------+-----
Fighting       | 4 5 |  5.1
Axes           | 5 |  5.8
Polearms       | 3 4 5 |  5.2
Dodging        | 2 |  2.3
Throwing       | 1 2 |  2.1
Armour         | 3 |  3.4
Stealth        | |  0.3

Action                     |  1- 3 |  4- 6 |  7- 9 || total
---------------------------+-------+-------+-------++-------
  Melee: Hand axe          |    93 |    67 |    12 ||   172
         Punch             |     1 |       |       ||     1
         Glaive            |       |    93 |    15 ||   108
 Invoke: Berserk           |     1 |     6 |     1 ||     8
         Trog's Hand       |       |     4 |       ||     4
    Use: Scroll            |     5 |     6 |       ||    11
         Potion            |     2 |     6 |       ||     8
 Armour: Animal skin       |     4 |       |       ||     4
         Leather armour    |    24 |    26 |       ||    50
         Ring mail         |       |   105 |    36 ||   141
  Dodge: Dodged            |    68 |   175 |    32 ||   275
